 Dungeon Crawl Stone Soup version 0.32-a0-871-ge202e49faa (webtiles) character file.

Game seed: 5598488771016922833

1472 kae the Carver (level 8, -9/56 HPs)
             Began as a Coglin Gladiator on Mar 29, 2024.
             Was an Initiate of Okawaru.
             Mangled by Prince Ribbit (16 damage)
             ... on level 5 of the Dungeon.
             The game lasted 00:04:57 (4503 turns).

kae the Carver (Coglin Gladiator)                   Turns: 4503, Time: 00:04:58

Health: -9/56      AC:  4    Str: 14    XL:     8   Next: 78%
Magic:  8/8        EV: 11    Int:  9    God:    Okawaru [......]
Gold:   393        SH:  0    Dex: 17    Spells: 7/7 levels left

rFire   . . .        a - +1 long sword {Chiraphon}
rCold   . . .        i - +1 short sword (flame) {Kulveer}
rNeg    . . .        b - +0 leather armour
rPois   .            c - +0 helmet
rElec   .            (no cloak)
rCorr   .            (no gloves)
SInv    .            (no boots)
Will    .....        (amulet unavailable)
Stlth   +            (ring unavailable)
HPRegen 0.29/turn    (ring unavailable)
MPRegen 0.11/turn    (no gizmo)

%: no passive effects
@: revving
A: off-hand wielding, slow wielding, warmup strikes, no jewellery
a: Invent Gizmo, Renounce Religion


You were on level 5 of the Dungeon.
You worshipped Okawaru.
Okawaru was noncommittal.
You visited 2 branches of the dungeon, and saw 6 of its levels.
You also visited: Ossuary.

You collected 521 gold pieces.
You spent 128 gold pieces at shops.


Innate Abilities, Weirdness & Mutations

You can wield a second weapon in your off-hand.
It takes a long time for you to wield or remove held weapons.
Your first few attacks do less damage.
You cannot equip rings or amulets.


   Skills:
 - Level 2.0 Fighting
 + Level 11.0 Long Blades
 - Level 1.7 Throwing
 - Level 2.6 Dodging


You had 7 spell levels left.
You didn't know any spells.
Your spell library contained the following spells:

 Spells                   Type           Power      Damage    Failure   Level
 Shock                    Conj/Air       0%         1d3       45%         1
 Stone Arrow              Conj/Erth      0%         3d7       83%         3
 Swiftness                Air            0%         N/A       83%         3
 Airstrike                Air            0%         2d(0-16)  99%         4
 Lehudib's Crystal Spear  Conj/Erth      0%         10d2      100%        8
 Animate Armour           Summ/Erth      Unusable   N/A       N/A         4

Inventory:

Hand Weapons
 a - a +1 long sword (weapon) {Chiraphon}
 f - a +0 dagger {Akhenaten}
 i - a +1 short sword of flaming (offhand) {Kulveer}
   (You took it off a kobold on level 1 of the Dungeon)
Missiles
 e - a javelin
 j - 55 stones
 o - 6 poisoned darts
 v - 3 throwing nets (quivered) {=f!f}
 y - 8 boomerangs
Armour
 b - a +0 leather armour (worn)
 c - a +0 helmet (worn)
Magical Staves
 g - a staff of fire {!a}
   (You found it on level 2 of the Dungeon)
 h - a staff of cold {!a}
   (You found it on level 1 of the Dungeon)
Jewellery
 d - a +6 ring of dexterity
   (You found it on level 4 of the Dungeon)
 D - a +6 ring of dexterity
   (You found it on level 1 of the Dungeon)
 L - a ring of flight
   (You found it on level 4 of the Dungeon)
 P - a ring of poison resistance
   (You found it on level 3 of the Dungeon)
 Z - a ring of wizardry
   (You took it off an orc on level 2 of the Dungeon)
Wands
 w - a wand of charming (7)
   (You found it on level 4 of the Dungeon)
Scrolls
 k - a scroll of immolation {!r!r}
 n - a scroll of poison {!r}
 s - 3 scrolls of teleportation {@r4}
 z - a scroll of blinking {!r}
Potions
 l - a potion of cancellation
 m - a potion of lignification {!q}
 p - 6 potions of curing {@q1}
 q - a potion of enlightenment
 r - 2 potions of heal wounds {@q2}
 u - a potion of ambrosia {unknown}
 x - a potion of brilliance

Dungeon Overview and Level Annotations

Branches:
Dungeon (5/15) Zot: 25822  Temple (1/1) D:5 Zot: 5955 Ossuary (visited)

Altars:
Cheibriados
Dithmenos
Elyvilon
Fedhas
Hepliaklqana
Makhleb
Nemelex Xobeh
Okawaru
Qazlal
Ru
Sif Muna
Uskayaw
Vehumet
Wu Jian
Yredelemnul
The Shining One

Shops:
D:1 (   D:2 *   D:3 *

Annotations:
D:5 Prince Ribbit

.......#..... ###.....
.........# #.....#
........##### #...ยง.#
...##.......### #....#
.#####.#......######....#
.#####.#.#..#.....##F...#
....##....#....##o..!..##
###.........##..F#####.....
.. ##..........###@##
####..... #............##..#
....
#............###.########....
#............# #..#..........
##..........## ##)..P.P......
##...##...#### ###..>..###
########....#####.P.P.#
####.....#.....#
#####.......#


You could see Prince Ribbit and an orc.


Message History

You take 3 damage, and now have 53/56 hp.
The centaur unwields a +0 orcbow.
The centaur hits you. The centaur kicks you.
You hit the centaur but do no damage.
You hit the centaur with your +1 short sword of flaming.
You burn the centaur. The centaur barely misses you.
The centaur kicks you. ๐Ÿ˜• HP[-6]
You take 6 damage, and now have 47/56 hp.
You barely miss the centaur with your +1 long sword.
You hit the centaur but do no damage. The centaur closely misses you.
The centaur kicks you.
You hit the centaur but do no damage.
You barely miss the centaur with your +1 long sword.
The centaur barely misses you.
The centaur closely misses you. ๐Ÿ˜• HP[-2]
You take 2 damage, and now have 45/56 hp.
You hit the centaur with your +1 short sword of flaming.
You burn the centaur. You hit the centaur but do no damage.
The centaur barely misses you. x2; The centaur closely misses you.
The centaur kicks you but does no damage.
You barely miss the centaur with your +1 long sword.
You hit the centaur but do no damage. The centaur hits you.
The centaur kicks you but does no damage. ๐Ÿ˜ฎ HP[-3]
You take 3 damage, and now have 42/56 hp.
You slash the centaur with your +1 long sword!
You hit the centaur with your +1 short sword of flaming.
You burn the centaur. The centaur hits you.
The centaur closely misses you. ๐Ÿ˜ฎ HP[-4]
You take 4 damage, and now have 38/56 hp.
You barely miss the centaur with your +1 long sword.
You hit the centaur but do no damage. The centaur completely misses you.
The centaur closely misses you.
You hit the centaur with your +1 long sword.
You barely miss the centaur with your +1 short sword of flaming.
The centaur hits you. The centaur kicks you. ๐Ÿ˜ฎ HP[-5]
You take 5 damage, and now have 33/56 hp.
Unknown command.
You hit the centaur with your +1 long sword.
You kill the centaur!
Okawaru accepts your kill.
Your Long Blades skill increases to level 11!
You see here a +0 orcbow.
You start resting. ๐Ÿ˜• HP[+14]
You regained 14 hp, and now have 47/56 hp.
A white imp comes into view.
The white imp shouts, "Give up, thou erky tardy-gaited pot-faker!" ๐Ÿ˜Ž HP[+9]
Your hp is fully restored (56).
A white imp is nearby!
A white imp is nearby!
The white imp grins evilly.
Prince Ribbit comes into view.
The white imp barely misses you.
Prince Ribbit croaks.
You slash the white imp with your +1 long sword!
You closely miss the white imp with your +1 short sword of flaming.
You hear a shout! x2
You hit the white imp with your +1 short sword of flaming.
You burn the white imp.
You kill the white imp!
Okawaru accepts your kill.
An orc comes into view. It is wielding a +0 club.
Prince Ribbit blinks!
You start waiting.
Prince Ribbit is nearby!
Prince Ribbit hits you! ๐Ÿ˜• HP[-11]
You take 11 damage, and now have 45/56 hp.
You closely miss Prince Ribbit with your +1 long sword.
You barely miss Prince Ribbit with your +1 short sword of flaming.
Prince Ribbit hits you. ๐Ÿ˜• HP[-1]
You take 1 damage, and now have 44/56 hp.
You hit Prince Ribbit with your +1 short sword of flaming.
You burn Prince Ribbit.
You hit Prince Ribbit with your +1 long sword.
Prince Ribbit hits you! ๐Ÿ˜ฎ HP[-15]
You take 15 damage, and now have 29/56 hp.
MASSIVE DAMAGE!! (PAUSE)
You hit Prince Ribbit with your +1 short sword of flaming.
You burn Prince Ribbit.
You hit Prince Ribbit with your +1 long sword.
Prince Ribbit hits you!
* * * LOW HITPOINT WARNING * * *
๐Ÿ˜จ HP[-13]
You take 13 damage, and now have 16/56 hp.
MASSIVE DAMAGE!! (PAUSE)
You barely miss Prince Ribbit with your +1 long sword.
You hit Prince Ribbit with your +1 short sword of flaming.
You burn Prince Ribbit. Prince Ribbit hits you!
* * * LOW HITPOINT WARNING * * *
๐Ÿ˜ฑ HP[-10]
You take 10 damage, and now have 6/56 hp.
You barely miss Prince Ribbit with your +1 short sword of flaming.
You hit Prince Ribbit with your +1 long sword.
Prince Ribbit hits you!
You die...

Skill      XL: |  1  2  3  4  5  6  7  8 |
---------------+-------------------------+-----
Long Blades    | 4 5 6 7 10 11 | 11.0
Fighting       | |  2.0
Throwing       | |  1.7
Dodging        | |  2.6

Action                     |  1- 3 |  4- 6 |  7- 9 || total
---------------------------+-------+-------+-------++-------
  Melee: Long sword        |    70 |   143 |   105 ||   318
         Dagger            |    48 |       |       ||    48
         Short sword       |    16 |   147 |    91 ||   254
    Use: Scroll            |     1 |     8 |     4 ||    13
         Potion            |       |     2 |     1 ||     3
   Stab: Sleeping          |       |     2 |       ||     2
 Armour: Leather armour    |    32 |    83 |    53 ||   168
         Skin              |       |    29 |     3 ||    32
  Dodge: Dodged            |    46 |    63 |    56 ||   165

Levels and vault maps discovered:
D:1:      lightli_arrival_isolated_outpost, layout_basic, serial_shops,
          nicolae_shop_statue_plus, hellmonk_ecumenical_altar_run_dry
D:2:      kennysheep_big_flooded_room, layout_basic, serial_shops, shop,
          minmay_pentomino_u4
D:3:      layout_loops_ring, serial_shops, shop, serial_forest,
          infiniplex_forest_straight_2, infiniplex_forest_lined_corner,
          infiniplex_forest_corner_2, infiniplex_forest_zigzag_2,
          infiniplex_forest_end_1, infiniplex_forest_zigzag_1,
          infiniplex_forest_zigzag_1
D:4:      layout_rooms, grunt_temple_overflow_open,
          nicolae_elyvilon_temple_path, enter_ossuary_4, minmay_starry_boxes,
          uniq_menkaure, uniq_pikel
D:5:      black_bear_nest_1, layout_rooms, minmay_temple_entry_trees,
          uniq_prince_ribbit1
Temple:   nicolae_temple_bog_church

Notes
Turn   | Place    | Note
-------+----------+-------------------------------------------
     0 | D:1      | kae the Coglin Gladiator began the quest for the Orb.
     0 | D:1      | Reached XP level 1. HP: 16/16 MP: 1/1
     0 | D:1      | magus.rc [v1.11.3]
    96 | D:1      | Found Laugismu's Weapon Shoppe.
   100 | D:1      | Reached XP level 2. HP: 16/22 MP: 2/2
   396 | D:1      | Reached skill level 4 in Long Blades
   489 | D:1      | Found a faded altar of an unknown god.
   493 | D:1      | Reached XP level 3. HP: 27/27 MP: 3/3
   940 | D:2      | Found Xoucwak's Assorted Antiques.
   948 | D:2      | Reached XP level 4. HP: 31/33 MP: 4/4
   959 | D:2      | Bought a scroll labelled SAZXO KIWYIHE for 29 gold pieces
   959 | D:2      | Bought a scroll labelled WIGAZX FECZIT for 29 gold pieces
   959 | D:2      | Bought a purple potion for 26 gold pieces
  1077 | D:2      | Reached skill level 5 in Long Blades
  1390 | D:2      | HP: 8/33 [adder (3)]
  1494 | D:2      | You pick up a book of Armaments and begin reading...
  1494 | D:2      | You add the spells Stone Arrow, Animate Armour and
                  | Lehudib's Crystal Spear to your library.
  1550 | D:2      | Reached XP level 5. HP: 38/38 MP: 5/5
  1909 | D:3      | HP: 6/38 [sleepcap (20)]
  1911 | D:3      | Reached skill level 6 in Long Blades
  2069 | D:3      | Found Dido's Assorted Antiques.
  2093 | D:3      | Bought a bubbling silvery potion for 22 gold pieces
  2093 | D:3      | Bought a metallic grey potion for 22 gold pieces
  2814 | D:4      | Found a white marble altar of Elyvilon.
  2841 | D:4      | Noticed Menkaure
  2896 | D:4      | Found a sand-covered staircase.
  2915 | Ossuary  | Entered an ossuary
  2915 | Ossuary  | Found a huge runed translucent gate.
  2915 | Ossuary  | Found a huge runed translucent gate.
  2915 | Ossuary  | Found a huge runed translucent gate.
  2915 | Ossuary  | Found a huge runed translucent gate.
  2915 | Ossuary  | Found a huge runed translucent gate.
  2915 | Ossuary  | Found a huge runed translucent gate.
  2915 | Ossuary  | Found a huge runed translucent gate.
  2915 | Ossuary  | Found a huge runed translucent gate.
  2930 | Ossuary  | Found a huge runed translucent gate.
  2930 | Ossuary  | Found a huge runed translucent gate.
  2930 | Ossuary  | Found a huge runed translucent gate.
  2931 | Ossuary  | Found a huge runed translucent gate.
  2931 | Ossuary  | Found a huge runed translucent gate.
  2933 | Ossuary  | Found a huge runed translucent gate.
  2933 | Ossuary  | Found a huge runed translucent gate.
  2951 | Ossuary  | Reached XP level 6. HP: 36/44 MP: 6/6
  2981 | Ossuary  | Found a huge runed translucent gate.
  2981 | Ossuary  | Found a huge runed translucent gate.
  2981 | Ossuary  | Found a huge runed translucent gate.
  2981 | Ossuary  | Found a huge runed translucent gate.
  2982 | Ossuary  | Found a huge runed translucent gate.
  2982 | Ossuary  | Found a huge runed translucent gate.
  2982 | Ossuary  | Found a huge runed translucent gate.
  2984 | Ossuary  | Found a huge runed translucent gate.
  2984 | Ossuary  | Found a huge runed translucent gate.
  2985 | Ossuary  | Found a huge runed translucent gate.
  2985 | Ossuary  | Found a huge runed translucent gate.
  2986 | Ossuary  | Found a huge runed translucent gate.
  2986 | Ossuary  | Found a huge runed translucent gate.
  2995 | Ossuary  | Reached skill level 7 in Long Blades
  2995 | Ossuary  | Found a huge runed translucent gate.
  2996 | Ossuary  | Found a huge runed translucent gate.
  2996 | Ossuary  | Found a huge runed translucent gate.
  2996 | Ossuary  | Found a huge runed translucent gate.
  2996 | Ossuary  | Found a huge runed translucent gate.
  2996 | Ossuary  | Found a huge runed translucent gate.
  2996 | Ossuary  | Found a huge runed translucent gate.
  3031 | Ossuary  | Reached XP level 7. HP: 33/50 MP: 7/7
  3227 | D:4      | Reached skill level 8 in Long Blades
  3338 | D:4      | You pick up a book of Air and begin reading...
  3338 | D:4      | You add the spells Shock, Swiftness and Airstrike to your
                  | library.
  3353 | D:4      | Killed Menkaure
  3487 | D:4      | Noticed Pikel
  3503 | D:4      | Killed Pikel
  3504 | D:4      | Reached skill level 10 in Long Blades
  3504 | D:4      | Reached XP level 8. HP: 45/56 MP: 8/8
  3766 | D:4      | Found a stormy altar of Qazlal.
  3768 | D:4      | Found a shadowy altar of Dithmenos.
  4210 | D:5      | Entered Level 5 of the Dungeon
  4331 | D:5      | Found a staircase to the Ecumenical Temple.
  4338 | Temple   | Entered the Ecumenical Temple
  4360 | Temple   | Became a worshipper of Warmaster Okawaru
  4401 | D:5      | Reached skill level 11 in Long Blades
  4486 | D:5      | Noticed Prince Ribbit
  4502 | D:5      | HP: 6/56 [Prince Ribbit (10)]
  4503 | D:5      | Mangled by Prince Ribbit

Vanquished Creatures
  Pikel (D:4)
  Menkaure (D:4)
  A centaur (D:5)
  2 lemures (D:4)
  2 elf zombies (Ossuary)
  2 scorpions (D:4)
  2 burial acolytes (Ossuary)
  A jelly (D:4)
  An orc priest (D:2)
  A bombardier beetle (D:4)
  2 hounds (D:4)
  A sleepcap (D:3)
  A hound zombie (Ossuary)
  2 mummies (Ossuary)
  A howler monkey zombie (Ossuary)
  5 gnolls
  6 adders
  2 white imps (D:5)
  2 ufetubi (D:5)
  An adder zombie (Ossuary)
  3 ribbon worms
  4 dart slugs
  8 orcs
  2 bats
  9 endoplasms
  2 giant cockroaches
  6 hobgoblins
  6 quokkas
  10 ball pythons
  4 frilled lizards
  9 goblins
  13 kobolds
  A quokka zombie (D:4)
  7 rats
  A rat zombie (D:4)
122 creatures vanquished.

Table legend:
 A = Non-vault XP
 B = Vault XP
 C = Vault XP percentage of total XP
 D = Non-vault monster count
 E = Vault monster count
 F = Vault count percentage of total count
                 A         B        C        D         E       F
            +---------+---------+-------+---------+---------+-------
      Total |     735 |    1369 |  65.1 |      95 |      25 |  20.8
            +---------+---------+-------+---------+---------+-------
        D:1 |      62 |       0 |   0.0 |      28 |       0 |   0.0
        D:2 |     132 |      23 |  14.8 |      27 |       6 |  18.2
        D:3 |      65 |       0 |   0.0 |      12 |       0 |   0.0
        D:4 |     321 |     937 |  74.5 |      23 |      10 |  30.3
        D:5 |     155 |       0 |   0.0 |       5 |       0 |   0.0
    Ossuary |       0 |     409 | 100.0 |       0 |       9 | 100.0
            +---------+---------+-------+---------+---------+-------

Skill      XL: |  1  2  3  4  5  6  7  8 |
---------------+-------------------------+-----
Long Blades    | 4 5 6 7 10 11 | 11.0
Fighting       | |  2.0
Throwing       | |  1.7
Dodging        | |  2.6

Action                     |  1- 3 |  4- 6 |  7- 9 || total
---------------------------+-------+-------+-------++-------
  Melee: Long sword        |    70 |   143 |   105 ||   318
         Dagger            |    48 |       |       ||    48
         Short sword       |    16 |   147 |    91 ||   254
    Use: Scroll            |     1 |     8 |     4 ||    13
         Potion            |       |     2 |     1 ||     3
   Stab: Sleeping          |       |     2 |       ||     2
 Armour: Leather armour    |    32 |    83 |    53 ||   168
         Skin              |       |    29 |     3 ||    32
  Dodge: Dodged            |    46 |    63 |    56 ||   165

Illustrated notes

Table legend:
 A = Kills in this place as a percentage of kills in the entire game.
 B = Kills by you in this place as a percentage of kills by you in the entire game.
 C = Kills by friends in this place as a percentage of kills by friends in the entire game.
 D = Other kills in this place as a percentage of other kills in the entire game.
 E = Experience gained in this place as a percentage of experience gained in the entire game.
 F = Experience gained in this place divided by the number of levels of this place that you have seen.
                   A       B       C       D       E      F
               +-------+-------+-------+-------+-------+----------------------
         Total | 100.0 | 100.0 |   N/A |   N/A | 100.0 | 300.6
       Dungeon |  92.5 |  92.5 |   N/A |   N/A |  80.6 | 339.0
       Ossuary |   7.5 |   7.5 |   N/A |   N/A |  19.4 | 409.0
               +-------+-------+-------+-------+-------+----------------------

Table legend: (Time is in decaauts)
 A = Elapsed time spent in this place.
 B = Non-inter-level travel time spent in this place.
 C = Inter-level travel time spent in this place.
 D = Time resting spent in this place.
 E = Time spent auto-exploring this place.
 F = Levels seen in this place.
 G = Mean time per level.
                   A        B        C        D        E       F      G
               +--------+--------+--------+--------+--------+-----+--------+
         Total |   4498 |   4278 |    220 |    366 |   3101 |   7 |  642.6 |
       Dungeon |   4176 |   4000 |    176 |    247 |   3037 |   5 |  835.2 |
        Temple |     44 |      1 |     43 |      0 |      0 |   1 |   44.0 |
       Ossuary |    277 |    277 |      0 |    119 |     64 |   1 |  277.0 |
               +--------+--------+--------+--------+--------+-----+--------+

Top non-repeatable levels by time:
     D:4: 1123 daAuts
     D:3: 995 daAuts
     D:2: 977 daAuts
     D:1: 837 daAuts
 Ossuary: 277 daAuts
     D:5: 242 daAuts
  Temple: 44 daAuts
